 Dungeon Crawl Stone Soup version 0.31.0-1-g2c135a0 (webtiles) character file.

Game seed: 5696194387737524044

13371 samcosmo the Arsonist (level 11, -3/66 HPs)
             Began as a Deep Elf Alchemist on Mar 15, 2024.
             Was a Believer of Sif Muna.
             Slain by a freezing wraith (9 damage)
             ... on level 11 of the Dungeon.
             The game lasted 00:47:53 (10233 turns).

samcosmo the Arsonist (Deep Elf Alchemist)         Turns: 10233, Time: 00:47:54

Health: -3/66      AC: 17    Str:  5    XL:     11   Next: 74%
Magic:  8/28       EV: 14    Int: 31    God:    Sif Muna [**....]
Gold:   287        SH:  0    Dex: 19    Spells: 22/33 levels left

rFire   . . .        A - staff of air
rCold   . . .        (no shield)
rNeg    . . .        z - +1 steam dragon scales
rPois   .            u - +0 helmet
rElec   +            (no cloak)
rCorr   .            c - +2 pair of gloves
SInv    .            D - +2 pair of boots of the Crafting Gods {^Drain Dex+4}
Will    +....        i - amulet of magic regeneration
Stlth   ++           l - +4 ring of protection
HPRegen 0.31/turn    w - +6 ring of intelligence
MPRegen 0.61/turn

%: no passive effects
@: slowed, very slow
A: no striking features
a: Renounce Religion, Channel Magic


You were on level 11 of the Dungeon.
You worshipped Sif Muna.
Sif Muna was pleased with you.
You visited 2 branches of the dungeon, and saw 12 of its levels.

You collected 647 gold pieces.
You spent 360 gold pieces at shops.

Inventory:

Hand Weapons
 m - a +1 dagger of protection
Missiles
 B - a throwing net
Armour
 a - a +0 robe
 c - a +2 pair of gloves (worn)
 f - a +1 pair of boots
 u - a +0 helmet (worn)
 z - +1 steam dragon scales (worn)
 D - the +2 pair of boots of the Crafting Gods (worn) {^Drain Dex+4}
   (You found it on level 11 of the Dungeon)

   Dex+4:     It affects your dexterity (+4).
   ^Drain:    It drains your maximum health when unequipped.
Magical Staves
 n - a staff of earth
 A - a staff of air (weapon)
Jewellery
 h - an amulet of faith
 i - an amulet of magic regeneration (around neck)
 l - a +4 ring of protection (left hand)
 w - a +6 ring of intelligence (right hand)
 y - a +4 ring of protection
Scrolls
 r - 3 scrolls of immolation
 s - 3 scrolls of teleportation
 t - 2 scrolls of enchant weapon
 v - 2 scrolls of amnesia
 x - 2 scrolls of fear
 C - a scroll of fog
Potions
 b - 3 potions of magic
 d - a potion of ambrosia {unknown}
 e - a potion of might
 g - 2 potions of cancellation
 j - a potion of attraction
 o - 3 potions of mutation
 p - a potion of lignification {unknown}
 q - 4 potions of curing
 F - a potion of invisibility {unknown}


   Skills:
 + Level 6.8 Fighting
 - Level 4.0 Dodging
 - Level 2.4 Stealth
 + Level 11.7 Spellcasting
 - Level 1.1 Conjurations
 * Level 12.2 Fire Magic
 + Level 9.6 Alchemy
 - Level 5.0 Invocations


You had 22 spell levels left.
You knew the following spells:

 Your Spells              Type           Power      Damage    Failure   Level
a - Mercury Vapours       Alch/Air       100%       N/A       1%          2
b - Scorch                Fire           100%       2d9       1%          2
c - Mephitic Cloud        Conj/Alch/Air  57%        N/A       1%          3
d - Olgreb's Toxic Radia  Alch           67%        N/A       1%          4

Your spell library contained the following spells:

 Spells                   Type           Power      Damage    Failure   Level
 Sting                    Conj/Alch      100%       1d9       1%          1
 Flame Wave               Conj/Fire      56%        2d13      1%          4
 Sticky Flame             Fire/Alch      72%        2d12      1%          4
 Lesser Beckoning         Tloc           36%        N/A       4%          2
 Gell's Gravitas          Tloc           18%        N/A       9%          3
 Teleport Other           Tloc           18%        N/A       9%          3
 Summon Cactus Giant      Summ           9%         N/A       99%         6


Dungeon Overview and Level Annotations

Branches:
Dungeon (11/15)            Temple (1/1) D:7            Lair (0/5) D:10
    Orc: D:9-12

Altars:
Ashenzari
Cheibriados
Dithmenos
Elyvilon
Fedhas
Gozag
Hepliaklqana
Kikubaaqudgha
Makhleb
Nemelex Xobeh
Okawaru
Qazlal
Ru
Sif Muna
Trog
Uskayaw
Vehumet
Wu Jian
Xom
Yredelemnul
Zin
The Shining One

Shops:
D:1 =   D:5 *   D:7 (   D:10 *?*

Annotations:
D:8 exclusion: oklob plant


Message History

You start resting.
Sif Muna accepts your kill.
You feel a bit more experienced.
Your Fire Magic skill increases to level 12!
You start resting.
Sif Muna accepts your kill.
You feel a bit more experienced.
Okay, then.
You can't see any susceptible monsters within range! (Use Z to cast anyway.) Flames lash the freezing wraith.
The freezing wraith is burned terribly!
The freezing wraith is moderately damaged.
The freezing wraith's fire resistance burns away.
Flames lash the freezing wraith but do no damage.
Flames lash the freezing wraith but do no damage.
The freezing wraith closely misses you. x2
Flames lash the freezing wraith.
The freezing wraith is burned terribly!
The freezing wraith is severely damaged.
The freezing wraith hits you. The freezing wraith freezes you!!
* * * LOW HITPOINT WARNING * * *
The freezing wraith hits you.
* * * LOW HITPOINT WARNING * * *
The freezing wraith drains your vigour!
You feel yourself slow down.
You are too injured to fight recklessly!
Casting: Scorch (safe; 1% risk of failure)
Confirm with . or Enter, or press ? or * to list all spells.
Flames lash the freezing wraith.
The freezing wraith is severely damaged.
The freezing wraith hits you but does no damage.
The freezing wraith hits you.
* * * LOW HITPOINT WARNING * * *
The freezing wraith drains your vigour!
You feel as though you will be slow longer.
The freezing wraith completely misses you.
The freezing wraith hits you but does no damage.
Casting: Scorch (safe; 1% risk of failure)
Confirm with . or Enter, or press ? or * to list all spells.
Flames lash the freezing wraith.
The freezing wraith is burned terribly!
The freezing wraith is almost destroyed.
The freezing wraith hits you!
You die...

#............#....
.#.
##..#...##.........
#.
#######.##........
#. ##........... ..
#...#..).....
#..#........
#.......^...
#...W.......
#@....... ##.......
....... .......
....... #.......
........#.......
.......y........
....#.....T.....
.........


You could see a freezing wraith (combustible).

Vanquished Creatures
  Snorg (D:11)
  Harold (D:11)
  A boulder beetle (D:11)
  3 two-headed ogres
  Pikel (D:8)
  A manticore (D:11)
  A cyclops (D:11)
  Maggie (D:8)
  A kobold demonologist (D:11)
  3 yaktaurs (D:11)
  An unseen horror (D:11)
  A hornet (D:10)
  A troll (D:10)
  Grinder (D:3)
  4 dream sheep (D:9)
  A centaur simulacrum (D:11)
  A shadow (D:10)
  A wyvern (D:10)
  5 yaks (D:9)
  Menkaure (D:6)
  A steam dragon (D:7)
  4 vampire mosquitoes
  2 sky beasts (D:7)
  2 ice beasts
  2 orc warriors (D:7)
  2 centaurs
  5 ogres
  2 kobold brigands
  4 lemures
  Blork the orc (D:4)
  A bullfrog (D:8)
  A scorpion (D:4)
  9 wights
  A burial acolyte (D:6)
  A water moccasin zombie (D:5)
  3 killer bees (D:8)
  3 howler monkeys (D:9)
  A bullfrog zombie (D:6)
  7 jellies
  3 bombardier beetles
  4 hounds
  7 orc priests
  3 gnoll boudas
  A sleepcap (D:5)
  2 iguanas
  11 orc wizards
  A scorpion zombie (D:5)
  12 adders
  9 gnolls
  5 river rats (D:5)
  2 white imps (D:8)
  3 ufetubi
  5 dart slugs
  3 ribbon worms
  22 orcs
  2 bats (D:3)
  15 endoplasms
  2 giant cockroaches (D:3)
  6 goblins
  6 hobgoblins
  6 jackals
  14 kobolds
  9 quokkas
  6 ball pythons
  3 frilled lizards (D:3)
  19 rats
264 creatures vanquished.

Vanquished Creatures (others)
  A human (D:6)
1 creature vanquished.

Grand Total: 265 creatures vanquished

Notes
Turn   | Place    | Note
-------+----------+-------------------------------------------
     0 | D:1      | samcosmo the Deep Elf Alchemist began the quest for the
                  | Orb.
     0 | D:1      | Reached XP level 1. HP: 10/10 MP: 6/6
    20 | D:1      | Reached XP level 2. HP: 16/16 MP: 2/8
   156 | D:1      | Learned a level 2 spell: Scorch
   267 | D:1      | Found Weothif's Jewellery Boutique.
   308 | D:1      | Found a faded altar of an unknown god.
   561 | D:2      | Reached XP level 3. HP: 14/20 MP: 2/10
   849 | D:2      | Learned a level 3 spell: Mephitic Cloud
   921 | D:2      | Reached skill level 1 in Fighting
  1399 | D:2      | Reached skill level 1 in Fire Magic
  1399 | D:2      | Reached XP level 4. HP: 25/25 MP: 4/12
  1790 | D:3      | Learned a level 4 spell: Olgreb's Toxic Radiance
  1847 | D:3      | Found a glowing golden altar of the Shining One.
  2069 | D:3      | Noticed Grinder
  2081 | D:3      | Reached XP level 5. HP: 11/29 MP: 9/14
  2086 | D:3      | Paralysed by Grinder for 5 turns
  2089 | D:3      | HP: 1/29 [Grinder/nerve-wracking pain (4)]
  2091 | D:3      | Killed Grinder
  2092 | D:3      | Reached skill level 5 in Spellcasting
  2092 | D:3      | Reached skill level 2 in Fire Magic
  2092 | D:3      | Reached XP level 6. HP: 2/35 MP: 9/16
  2848 | D:4      | Noticed Blork the orc
  2856 | D:4      | Killed Blork the orc
  2857 | D:4      | Reached skill level 3 in Fire Magic
  2932 | D:4      | Reached XP level 7. HP: 35/40 MP: 9/18
  3399 | D:5      | Entered Level 5 of the Dungeon
  3476 | D:5      | Reached skill level 4 in Fire Magic
  3476 | D:5      | Reached skill level 5 in Alchemy
  3504 | D:5      | Found a basalt altar of Yredelemnul.
  3562 | D:5      | Found a sacrificial altar of Ru.
  3670 | D:5      | Reached skill level 5 in Fire Magic
  3677 | D:5      | Reached XP level 8. HP: 32/46 MP: 7/20
  4002 | D:5      | Found Lemin's General Store.
  4480 | D:6      | Noticed Menkaure
  4520 | D:6      | Killed Menkaure
  4645 | D:6      | Reached skill level 6 in Fire Magic
  4931 | D:6      | Found an ancient bone altar of Kikubaaqudgha.
  5313 | D:7      | Reached skill level 7 in Fire Magic
  5419 | D:7      | Found an opulent altar of Gozag.
  5425 | D:7      | Reached XP level 9. HP: 52/52 MP: 18/23
  5430 | D:7      | Found an opulent altar of Gozag.
  5468 | D:7      | Found a staircase to the Ecumenical Temple.
  5478 | Temple   | Entered the Ecumenical Temple
  5624 | D:7      | Found a burning altar of Makhleb.
  5735 | D:7      | Reached skill level 8 in Fire Magic
  5877 | D:7      | Found a sparkling altar of Nemelex Xobeh.
  5878 | D:7      | Found a glowing silver altar of Zin.
  5879 | D:7      | Found a blossoming altar of Fedhas.
  5893 | D:7      | Found Lekeeru's Weapon Boutique.
  6091 | D:1      | Bought a +6 ring of intelligence for 360 gold pieces
  6325 | D:7      | Found an opulent altar of Gozag.
  6331 | D:7      | Found an opulent altar of Gozag.
  6416 | D:7      | Found a shimmering blue altar of Sif Muna.
  6419 | D:7      | Became a worshipper of Sif Muna the Loreminder
  6438 | D:8      | Noticed Pikel
  6459 | D:7      | Learned a level 2 spell: Mercury Vapours
  6499 | D:8      | Killed Pikel
  6617 | D:8      | Noticed Maggie
  6628 | D:8      | Killed Maggie
  6629 | D:8      | Reached skill level 5 in Fighting
  6629 | D:8      | Reached skill level 9 in Fire Magic
  6868 | D:8      | Reached XP level 10. HP: 59/59 MP: 18/25
  6912 | D:8      | Reached * piety under Sif Muna
  6952 | D:8      | Noticed an arcanist
  7022 | D:8      | Found a shadowy altar of Dithmenos.
  7046 | D:8      | Noticed a fire crab
  7148 | D:8      | Noticed an oklob plant
  7500 | D:9      | Noticed a two-headed ogre
  7518 | D:9      | Killed a two-headed ogre
  7519 | D:9      | Reached skill level 1 in Invocations
  7666 | D:9      | Reached skill level 10 in Spellcasting
  7675 | D:9      | Reached skill level 10 in Fire Magic
  8017 | D:9      | Reached ** piety under Sif Muna
  8521 | D:10     | Entered Level 10 of the Dungeon
  8521 | D:10     | Noticed a two-headed ogre
  8658 | D:10     | Found a staircase to the Lair.
  8691 | D:10     | You fall into a shaft and drop 1 floor!
  8698 | D:11     | Identified the +2 pair of boots of the Crafting Gods
                  | {^Drain Dex+4}
  8755 | D:11     | Noticed a cyclops
  8764 | D:11     | Noticed a cyclops
  8871 | D:10     | Found an iron altar of Okawaru.
  8877 | D:10     | Found Lixov's Assorted Antiques.
  8915 | D:10     | Found Elycenob's Magic Scroll Emporium.
  9025 | D:10     | Found Enall's Assorted Antiques.
  9285 | D:10     | Noticed a two-headed ogre
  9300 | D:10     | Killed a two-headed ogre
  9301 | D:10     | Reached skill level 11 in Fire Magic
  9301 | D:10     | Reached XP level 11. HP: 47/64 MP: 10/27
  9565 | D:10     | Killed a two-headed ogre
  9735 | D:11     | Noticed Snorg
  9780 | D:11     | Noticed a boulder beetle
  9821 | D:11     | Killed a boulder beetle
  9962 | D:11     | Noticed Harold
 10195 | D:11     | Killed Snorg
 10196 | D:11     | Reached skill level 5 in Invocations
 10209 | D:11     | Killed Harold
 10210 | D:11     | Reached skill level 12 in Fire Magic
 10233 | D:11     | Slain by a freezing wraith

Illustrated notes

Levels and vault maps discovered:
D:1:      scummos_arrival_simple_crosswalls, layout_rooms, serial_shops, shop,
          ebering_ecumenical_altar_mist
D:2:      layout_basic
D:3:      minmay_skewed_foursquare, layout_basic, nicolae_tso_carved_into_rock,
          uniq_grinder
D:4:      layout_basic, uniq_blork_the_orc
D:5:      lemuel_ratsnest, layout_basic, mainiacjoe_overflow_24_doors,
          lemuel_zombie_altar_yredelemnul, serial_shops, shop
D:6:      layout_loops_ring, tgw_kikubaaqudgha, uniq_menkaure
D:7:      layout_basic, nicolae_gozag_conspicuous_consumption,
          mainiacjoe_overflow_alcove_3, lemuel_coloured_pillars_altar,
          temple_fountains, serial_shops, shop
D:8:      lemuel_slime, layout_layer_cave, kennysheep_mini,
          lightli_corner_chamber, uniq_pikel, uniq_maggie
D:9:      hellmonk_ruined_rings, layout_irregular_city,
          chequers_serial_rivers_small_3, dreamdust_gnoll_shepherd
D:10:     layout_grid_maze, kennysheep_little_box, lair_entry_dummy,
          serial_shops, nicolae_shop_temple_entry_statues_fountains,
          nicolae_shop_advertising_works [nicolae_subvault_shop_adworks],
          kennysheep_mini_moat
D:11:     minmay_bloctagon_deflated, layout_cave_pools, uniq_snorg, uniq_harold
Temple:   chequers_temple_sunken

Skill      XL: |  1  2  3  4  5  6  7  8  9 10 11 |
---------------+----------------------------------+-----
Dodging        | 3 4 |  4.0
Spellcasting   | 4 5 6 7 8 9 10 11 | 11.7
Fighting       | 1 2 3 4 5 6 |  6.8
Fire Magic     | 1 2 3 5 7 9 11 12 | 12.2
Alchemy        | 4 5 6 7 8 9 |  9.6
Invocations    | 3 5 |  5.0
Stealth        | |  2.4
Conjurations   | |  1.1

Action                     |  1- 3 |  4- 6 |  7- 9 | 10-12 || total
---------------------------+-------+-------+-------+-------++-------
  Melee: Unarmed           |     2 |       |       |       ||     2
         Dagger            |       |    14 |    11 |       ||    25
         Staff             |       |       |     2 |     5 ||     7
   Cast: Sting             |    54 |    20 |     2 |       ||    76
         Scorch            |       |    56 |   177 |   185 ||   418
         Mephitic Cloud    |       |     2 |    12 |    14 ||    28
         Olgreb's Toxic Ra |       |       |    11 |    13 ||    24
         Mercury Vapours   |       |       |     2 |     9 ||    11
    Use: Scroll            |       |     7 |     6 |    11 ||    24
         Potion            |       |       |       |     4 ||     4
   Stab: Confused          |       |       |     1 |       ||     1
 Armour: Robe              |    13 |    14 |    56 |       ||    83
         Steam dragon scal |       |       |       |   126 ||   126
  Dodge: Dodged            |    14 |    23 |    53 |    99 ||   189
